 Dungeon Crawl Stone Soup version 0.23-a0-703-gdf2d5e0dd9 (webtiles) character file.

226 Hercules1031 the Fighter (level 6, 0/64 HPs)
             Began as a Gnoll Wanderer on Jan 13, 2019.
             Was a Follower of Elyvilon.
             Succumbed to Crazy Yiuf's poison
             ... on level 2 of the Dungeon.
             The game lasted 00:09:59 (1582 turns).

Hercules1031 the Fighter (Gnoll Wanderer)           Turns: 1582, Time: 00:10:00

Health: 0/64       AC:  7    Str: 16    XL:     6   Next: 1%
Magic:  8/8        EV: 10    Int: 14    God:    Elyvilon [*.....]
Gold:   37         SH:  0    Dex: 15    Spells: 8/8 levels left

rFire    x . .     SeeInvis .   e - +2 mace (protect)
rCold    + . .     Gourm    .   (no shield)
rNeg     . . .     Faith    .   d - +0 scale mail
rPois    .         Spirit   .   k - +0 helmet
rElec    .         Reflect  .   (no cloak)
rCorr    .         Harm     .   (no gloves)
MR       .....                  (no boots)
Stlth    +.........             (no amulet)
HPRegen  0.20/turn              l - ring of ice
MPRegen  0.11/turn              (no ring)

@: lethally poisoned (0 -> -8), berserk cooldown, slowed, drained, very slow
A: distributed training, fangs 1, strong nose
a: Lesser Healing, Divine Protection, Renounce Religion


You were on level 2 of the Dungeon.
You worshipped Elyvilon.
Elyvilon was aware of your devotion.
You were not hungry.

You visited 1 branch of the dungeon, and saw 2 of its levels.

You collected 37 gold pieces.

Inventory:

Hand Weapons
 a - a +2 dagger
 e - a +2 mace of protection (weapon)
Armour
 c - a +0 ring mail
 d - a +0 scale mail (worn)
 k - a +0 helmet (worn)
Jewellery
 l - a ring of ice (left hand)
Scrolls
 i - 2 scrolls of remove curse
Comestibles
 f - 3 rations


   Skills:
 + Level 12.1(12.0) Fighting
 + Level 1.7(1.6) Short Blades
 + Level 1.7(1.6) Long Blades
 + Level 1.7(1.6) Axes
 + Level 3.1(3.0) Maces & Flails
 + Level 1.7(1.6) Polearms
 + Level 1.7(1.6) Staves
 + Level 1.7(1.6) Slings
 + Level 1.7(1.6) Bows
 + Level 1.7(1.6) Crossbows
 + Level 3.1(3.0) Throwing
 + Level 1.7(1.6) Armour
 + Level 1.7(1.6) Dodging
 + Level 2.9(2.8) Stealth
 + Level 1.7(1.6) Shields
 + Level 3.1(3.0) Unarmed Combat
 + Level 1.7(1.6) Spellcasting
 + Level 1.3(1.2) Conjurations
 + Level 1.3(1.2) Hexes
 + Level 1.3(1.2) Charms
 + Level 1.3(1.2) Summonings
 + Level 1.3(1.2) Necromancy
 + Level 1.3(1.2) Translocations
 + Level 1.3(1.2) Transmutations
 + Level 1.3(1.2) Fire Magic
 + Level 1.3(1.2) Ice Magic
 + Level 1.3(1.2) Air Magic
 + Level 1.3(1.2) Earth Magic
 + Level 1.3(1.2) Poison Magic
 + Level 1.9(1.8) Invocations
 + Level 1.7(1.6) Evocations


You had 8 spell levels left.
You didn't know any spells.
Your spell library was empty.

Dungeon Overview and Level Annotations

Branches:
Dungeon (2/15)

Altars:
Elyvilon


Innate Abilities, Weirdness & Mutations

Your experience applies equally to all skills.
You have very sharp teeth.
Your uncanny sense of smell can sniff out nearby items.


Message History

There is a lethal amount of poison in your body!
There is a lethal amount of poison in your body!
Okay, then.
As you read the scroll labeled ITIACO GETOTS, it crumbles to dust.
It is a scroll of identify.
h - a scroll of random uselessness
* * * LOW HITPOINT WARNING * * *
You feel sick.
As you read the scroll of random uselessness, it crumbles to dust.
Your +2 mace of protection glows dark indigo for a moment.
* * * LOW HITPOINT WARNING * * *
You feel sick.
There is a lethal amount of poison in your body!
There is a lethal amount of poison in your body!
There is a lethal amount of poison in your body!
There is a lethal amount of poison in your body!
* * * LOW HITPOINT WARNING * * *
You feel sick.
There is an open door, spattered with blood here.
You die...

##>..## #.....####
#.....)..#
#...(.#### ##...##
## ##(## #.
#(####### ##### #.
#.....#.## ###..)#
#########<
#.#......####@')..#
#.........
#.##......#..##...#
#########.
##.###.#..#.########
#.>.. #..# ########
#.##. #..#
######.##. #..# ###
##.....>(.. ###).#
#.# #.#####.##.
.....# #.# #.# #.##.
###..# #.# #.# #.##.


There were no monsters in sight!

Vanquished Creatures
  Crazy Yiuf (D:2)
  2 orc wizards
  Natasha (thrice) (D:2)
  3 dart slugs (D:1)
  5 leopard geckos
  2 orcs (D:2)
  A giant cockroach (D:1)
  7 goblins
  7 hobgoblins
  5 kobolds
  A quokka (D:2)
  2 ball pythons
  11 bats
  A frilled lizard (D:1)
  5 rats
56 creatures vanquished.

Notes
Turn   | Place    | Note
-------+----------+-------------------------------------------
     0 | D:1      | Reached skill level 12 in Fighting
     0 | D:1      | Hercules1031 the Gnoll Wanderer began the quest for the
                  | Orb.
     0 | D:1      | Hercules1031 set off with the following items: a +2 dagger,
                  | a potion of berserk rage, a +0 ring mail, a potion of
                  | curing, a ration
     0 | D:1      | Reached XP level 1. HP: 31/31 MP: 1/1
   107 | D:1      | Reached XP level 2. HP: 38/38 MP: 2/2
   261 | D:1      | Reached XP level 3. HP: 44/44 MP: 3/3
   761 | D:1      | Reached skill level 1 in Short Blades
   761 | D:1      | Reached skill level 1 in Long Blades
   761 | D:1      | Reached skill level 1 in Axes
   761 | D:1      | Reached skill level 1 in Polearms
   761 | D:1      | Reached skill level 1 in Staves
   761 | D:1      | Reached skill level 1 in Slings
   761 | D:1      | Reached skill level 1 in Bows
   761 | D:1      | Reached skill level 1 in Crossbows
   761 | D:1      | Reached skill level 1 in Armour
   761 | D:1      | Reached skill level 1 in Dodging
   761 | D:1      | Reached skill level 1 in Shields
   761 | D:1      | Reached skill level 1 in Spellcasting
   761 | D:1      | Reached skill level 1 in Invocations
   761 | D:1      | Reached skill level 1 in Evocations
   761 | D:1      | Reached XP level 4. HP: 43/51 MP: 5/5
   789 | D:2      | Reached skill level 1 in Conjurations
   789 | D:2      | Reached skill level 1 in Hexes
   789 | D:2      | Reached skill level 1 in Charms
   789 | D:2      | Reached skill level 1 in Summonings
   789 | D:2      | Reached skill level 1 in Necromancy
   789 | D:2      | Reached skill level 1 in Translocations
   789 | D:2      | Reached skill level 1 in Transmutations
   789 | D:2      | Reached skill level 1 in Fire Magic
   789 | D:2      | Reached skill level 1 in Ice Magic
   789 | D:2      | Reached skill level 1 in Air Magic
   789 | D:2      | Reached skill level 1 in Earth Magic
   789 | D:2      | Reached skill level 1 in Poison Magic
   840 | D:2      | Noticed Natasha
   848 | D:2      | Killed Natasha
   848 | D:2      | Reached XP level 5. HP: 57/57 MP: 5/7
   871 | D:2      | Noticed Natasha
   885 | D:2      | Killed Natasha
   914 | D:2      | Noticed Natasha
   919 | D:2      | Killed Natasha
  1136 | D:2      | Found a faded altar of an unknown god.
  1146 | D:2      | Became a worshipper of Elyvilon the Healer
  1146 | D:2      | Reached * piety under Elyvilon
  1236 | D:2      | Found a runed door.
  1560 | D:2      | Noticed Crazy Yiuf
  1575 | D:2      | Killed Crazy Yiuf
  1575 | D:2      | Reached XP level 6. HP: 14/64 MP: 8/8
  1580 | D:2      | HP: 3/64 [poisoned by Crazy Yiuf]
  1582 | D:2      | Succumbed to Crazy Yiuf's poison

Vault maps used:
D:1:      lordsloth_arrival_two_stooges
D:2:      chequers_ecumenical_altar_grove, uniq_natasha, uniq_crazy_yiuf_cottage

Skill      XL: |  1  2  3  4  5 |
---------------+----------------+-----
Fighting       | | 12.1
Short Blades   | 1 |  1.7
Long Blades    | 1 |  1.7
Axes           | 1 |  1.7
Polearms       | 1 |  1.7
Staves         | 1 |  1.7
Slings         | 1 |  1.7
Bows           | 1 |  1.7
Crossbows      | 1 |  1.7
Armour         | 1 |  1.7
Dodging        | 1 |  1.7
Shields        | 1 |  1.7
Spellcasting   | 1 |  1.7
Invocations    | 1 |  1.9
Evocations     | 1 |  1.7
Conjurations   | 1 |  1.3
Hexes          | 1 |  1.3
Charms         | 1 |  1.3
Summonings     | 1 |  1.3
Necromancy     | 1 |  1.3
Translocations | 1 |  1.3
Transmutations | 1 |  1.3
Fire Magic     | 1 |  1.3
Ice Magic      | 1 |  1.3
Air Magic      | 1 |  1.3
Earth Magic    | 1 |  1.3
Poison Magic   | 1 |  1.3
Maces & Flails | 3 |  3.1
Throwing       | 3 |  3.1
Unarmed Combat | 3 |  3.1
Stealth        | |  2.9

Action                   |  1- 3 |  4- 6 || total
-------------------------+-------+-------++-------
Melee: Mace              |    84 |    78 ||   162
       Bite              |     7 |    11 ||    18
       Punch             |       |     1 ||     1
  Use: Potion            |       |     2 ||     2
       Scroll            |       |     6 ||     6
  Eat: Ration            |       |     1 ||     1
Armor: Ring mail         |    34 |    16 ||    50
       Scale mail        |       |    31 ||    31
Dodge: Dodged            |    68 |    44 ||   112

Table legend:
 A = Non-vault XP
 B = Vault XP
 C = Vault XP percentage of total XP
 D = Non-vault monster count
 E = Vault monster count
 F = Vault count percentage of total count
                 A         B        C        D         E       F
            +---------+---------+-------+---------+---------+-------
      Total |     248 |      76 |  23.5 |      54 |       2 |   3.6
            +---------+---------+-------+---------+---------+-------
        D:1 |      96 |       0 |   0.0 |      31 |       0 |   0.0
        D:2 |     152 |      76 |  33.3 |      23 |       2 |   8.0
            +---------+---------+-------+---------+---------+-------
